Map: Year Zero LE

Players

Smileblind - Winner!

  • Race: Protoss Protoss
  • League: Silver
  • Spawn Location: 1:00

VOD

Have the link to the VOD?

Description

Time

  • Played on: Feb. 7, 2019, 5:30 a.m.
  • Length: 19:06
Show
View Real Time Build Order
Export as new Build Order

Smileblind Protoss - Winner!

Build Orders:  

Get SALT Encoding   

  12  0:04  Probe (Chrono Boost)  
  14  0:21  Probe (Chrono Boost)  
  14  0:30  Pylon  
  14  0:38  Probe (Chrono Boost)  
  15  0:52  Probe (Chrono Boost)  
  16  1:03  Probe (Chrono Boost)  
  16  1:06  Gateway  
  17  1:17  Probe (Chrono Boost)  
  18  1:28  Assimilator  
  18  1:34  Probe (Chrono Boost)  
  19  1:40  Assimilator  
  20  1:51  Probe (Chrono Boost)  
  20  2:04  Gateway  
  20  2:08  Probe (Chrono Boost)  
  21  2:19  Cybernetics Core  
  21  2:25  Probe (Chrono Boost)  
  22  2:37  Pylon  
  23  2:42  Probe (Chrono Boost)  
  23  2:55  Gateway x2  
  23  3:05  Pylon  
  27  3:36  Shield Battery  
  27  3:46  Shield Battery  
  27  3:58  Unknown  
  27  4:03  Stalker, Warp Gate  
  27  4:06  Unknown  
  35  4:32  Pylon  
  35  4:47  Unknown  
  35  4:57  Unknown  
  35  5:04  Unknown  
  35  5:12  Nexus  
  35  5:18  Zealot  
  37  5:28  Zealot  
  40  5:50  Twilight Council  
  40  5:51  Probe (Chrono Boost)  
  40  6:08  Probe (Chrono Boost)  
  41  6:19  Robotics Facility  
  41  6:25  Probe (Chrono Boost)  
  41  6:27  Pylon  
  42  6:34  Pylon  
  43  6:42  Probe (Chrono Boost)  
  43  6:45  Stalker  
  45  6:54  Stalker  
  47  7:04  Stalker  
  49  7:10  Probe (Chrono Boost)  
  49  7:13  Probe (Chrono Boost)  
  51  7:22  Probe (Chrono Boost)  
  52  7:34  Probe (Chrono Boost)  
  53  7:43  Probe (Chrono Boost)  
  53  7:44  Assimilator  
  53  7:47  Assimilator  
  55  7:51  Probe (Chrono Boost)  
  55  7:55  Sentry  
  58  8:00  Probe (Chrono Boost)  
  58  8:08  Probe (Chrono Boost)  
  59  8:12  Pylon  
  59  8:17  Probe (Chrono Boost)  
  59  8:18  Immortal  
  64  8:34  Probe (Chrono Boost)  
  65  8:46  Probe (Chrono Boost)  
  65  8:48  Forge  
  66  8:58  Zealot  
  66  8:59  Probe (Chrono Boost)  
  68  9:03  Zealot  
  71  9:11  Zealot  
  71  9:16  Probe (Chrono Boost)  
  74  9:24  Protoss Ground Weapons Level 1  
  74  9:28  Templar Archives  
  74  9:33  Probe (Chrono Boost)  
  74  9:34  Immortal  
  79  9:46  Sentry  
  79  9:47  Sentry  
  83  9:56  Charge  
  77  10:12  Pylon  
  73  10:29  Observer  
  62  10:50  Stalker  
  62  10:51  Stalker  
  62  10:52  Stalker  
  62  10:53  Stalker  
  62  10:58  Probe (Chrono Boost)  
  70  11:09  Probe (Chrono Boost)  
  72  11:22  Probe (Chrono Boost)  
  72  11:26  High Templar x2  
  72  11:27  High Templar x2  
  81  11:39  Probe (Chrono Boost)  
  82  11:43  Archon x2  
  82  11:52  Protoss Ground Weapons Level 2  
  82  12:15  Zealot x3  
  88  12:35  Warp Prism  
  90  12:48  High Templar x2, Unknown  
  94  12:55  Archon  
  94  13:24  Nexus  
  94  13:26  Pylon  
  94  13:29  Pylon  
  94  13:33  Pylon  
  94  13:36  Pylon  
  94  14:02  Gateway x2  
  94  14:05  Gateway  
  94  14:11  Shield Battery  
  94  14:15  Shield Battery  
  94  14:23  Shield Battery  
  94  14:26  Zealot  
  94  14:27  Zealot x3  
  102  14:56  Stalker x2  
  102  14:57  Stalker x2  
  110  15:10  Protoss Ground Weapons Level 3  
  110  15:13  Probe (Chrono Boost)  
  111  15:25  Probe (Chrono Boost)  
  112  15:32  Zealot x2  
  112  15:33  Zealot x4  
  112  15:34  Zealot  
  112  15:38  Probe (Chrono Boost)  
  127  15:55  Probe (Chrono Boost)  
  127  15:56  Unknown  
  116  16:05  Zealot x2  
  116  16:06  Zealot x3  
  116  16:07  Zealot  
  127  16:12  Probe (Chrono Boost)  
  127  16:25  Unknown  
  127  16:29  Unknown  
  125  16:31  Unknown  
  117  16:48  Zealot x2  
  117  16:49  Zealot x4  
  129  16:50  Zealot  
  129  17:20  High Templar  
  129  17:21  High Templar x3  
  129  17:22  High Templar  
  136  17:46  Archon x2  
  136  17:47  Unknown  
  124  18:16  Unknown  
  122  18:25  Unknown  
  116  18:30  Unknown  
Tags
 
League
Silver
Matchup
Co-op
Add a new tag
Caveats
  • Supply blocks, unpowered buildings, or Contaminate may cause inaccurate times.
  • Supply counts are checked every 10 seconds.